 Dungeon Crawl Stone Soup version 0.21-a0-185-g3a6ed1e (webtiles) character file.

520 Tungsten the Grave Robber (level 7, -1/59 HPs)
             Began as an Ogre Necromancer on Aug 13, 2017.
             Slain by Duvessa
             ... wielding a +0 short sword
              (14 damage)
             ... on level 4 of the Dungeon.
             The game lasted 00:11:37 (5046 turns).

Tungsten the Grave Robber (Ogre Necromancer)        Turns: 5046, Time: 00:11:38

Health: -1/59      AC:  4    Str: 13    XL:     7   Next: 21%
Magic:  7/14       EV: 10    Int: 18    God:
Gold:   116        SH:  0    Dex:  9    Spells: 4/16 levels left

rFire    . . .     SeeInvis .   a - +2 short sword (venom)
rCold    . . .     Gourm    .   (no shield)
rNeg     . . .     Faith    .   e - +1 robe
rPois    .         Spirit   .   (helmet restricted)
rElec    .         Reflect  .   (no cloak)
rCorr    +         Harm     .   (gloves unavailable)
MR       .....                  (boots unavailable)
Stlth    +.........             (no amulet)
HPRegen  0.19/turn              r - ring of resist corrosion
MPRegen  0.14/turn              (no ring)

@: no status effects
A: unfitting armour, tough skin 1
a: no special abilities


You were on level 4 of the Dungeon.
You were not hungry.

You visited 1 branch of the dungeon, and saw 4 of its levels.

You collected 116 gold pieces.


Innate Abilities, Weirdness & Mutations

You are too large for most types of armour.
You have tough skin. (AC +1)


   Skills:
 - Level 1.7 Dodging
 - Level 1.4 Stealth
 + Level 5.0 Spellcasting
 * Level 6.7 Necromancy


You had 4 spell levels left.
You knew the following spells:

 Your Spells              Type           Power        Failure   Level  Hunger
a - Pain                  Necr           ####         1%          1    None
b - Animate Skeleton      Necr           N/A          1%          1    None
c - Vampiric Draining     Necr           ####......   2%          3    ##.....
d - Regeneration          Chrm/Necr      ###.......   10%         3    ##.....
e - Animate Dead          Necr           N/A          9%          4    ####...

Inventory:

Hand Weapons
 a - a +2 short sword of venom (weapon)
 v - a +0 dagger of electrocution
Missiles
 g - 151 stones (quivered)
Armour
 e - a +1 robe (worn)
Jewellery
 d - an uncursed ring of magical power {unknown}
 f - an uncursed ring of magical power {unknown}
 r - a ring of resist corrosion (left hand)
Scrolls
 j - 3 scrolls of teleportation
 m - 3 scrolls of random uselessness {unknown}
 n - 2 scrolls of remove curse
 o - a scroll of recharging
 u - a scroll of fog {unknown}
 w - 2 scrolls of enchant armour
 x - a scroll of blinking
 y - a scroll of identify {unknown}
Potions
 h - a potion of agility {unknown}
 i - 4 potions of magic {unknown}
 l - 2 potions of curing {unknown}
 p - 2 potions of might {unknown}
 q - 3 potions of heal wounds {unknown}
 s - a potion of flight {unknown}
 t - a potion of lignification {unknown}
 A - a potion of haste {unknown}
 B - a potion of brilliance {unknown}
Books
 b - a book of Necromancy

   Spells                             Type                      Level
   a - Pain                           Necromancy                   1
   b - Animate Skeleton               Necromancy                   1
   c - Vampiric Draining              Necromancy                   3
   d - Regeneration                   Charms/Necromancy            3
   e - Animate Dead                   Necromancy                   4
   f - Control Undead                 Necromancy                   4
Comestibles
 c - 2 bread rations
 k - a meat ration
 z - 3 chunks of flesh


Message History

Your hound skeleton barely misses Dowan.
Casting: Vampiric Draining
Confirm with . or Enter, or press ? or * to list all spells.
Aiming: Vampiric Draining
Press: ? - help, Shift-Dir - straight line, f/p - worker ant
Aim: a worker ant (severely wounded)
You kill the worker ant!
You feel life coursing into your body. Duvessa hits you but does no damage.
Dowan points at your hound skeleton and mumbles some strange words.
The puff of frost hits your hound skeleton.
Your hound skeleton resists.
Your hound skeleton bites Dowan.
Duvessa barely misses you.
Dowan hits your hound skeleton with a dagger.
Your hound skeleton closely misses Dowan.
You kill Dowan!
Duvessa screams, "No!
How DARE you!"
Duvessa goes berserk!
Your Spellcasting skill increases to level 5!
Duvessa hits you with a short sword!
You die...

.....#........#.....#
..#....#
.....'........#.....#
..#####.
....##....##..##....# ......
..
'#####....##..##....##......
...
....##........#.........#
...
....#.........#.........#
....##....##..#.....Z..)#
....##....##..#..e..###'#
######.....# ##@####.....
.... #..Z..# #......... ...
.....##'#### #......... ...
...........#+##......... ..
........................ .
.....................#'#
.....................# .
.................##+##
.....######...........


You could see Duvessa (berserk) and a friendly hound skeleton.

Vanquished Creatures
  Sigmund (D:3)
  A bullfrog (D:3)
  Dowan (D:4)
  2 hounds (D:4)
  Terence (D:2)
  A worker ant (D:4)
  3 gnolls
  2 adders
  An ooze (D:1)
  A worm (D:3)
  5 dart slugs (D:1)
  3 leopard geckos
  4 orcs (D:3)
  A ball python (D:1)
  8 bats
  4 giant cockroaches
  6 goblins
  8 hobgoblins
  4 jackals (D:2)
  6 kobolds
  A quokka (D:2)
  8 frilled lizards
  12 rats
84 creatures vanquished.

Vanquished Creatures (collateral kills)
  A gnoll (D:2)
  A quokka (D:4)
  A goblin zombie (D:4)
3 creatures vanquished.

Grand Total: 87 creatures vanquished

Notes
Turn   | Place    | Note
-------+----------+-------------------------------------------
     0 | D:1      | Tungsten the Ogre Necromancer began the quest for the Orb.
     0 | D:1      | Reached XP level 1. HP: 16/16 MP: 3/3
   108 | D:1      | Reached XP level 2. HP: 20/24 MP: 0/5
   188 | D:1      | Reached skill level 4 in Necromancy
   627 | D:1      | Reached XP level 3. HP: 31/31 MP: 4/7
   752 | D:1      | Found a shattered altar of Ashenzari.
   813 | D:1      | Reached skill level 3 in Spellcasting
  1081 | D:1      | Learned a level 1 spell: Animate Skeleton
  1085 | D:1      | Learned a level 3 spell: Vampiric Draining
  1089 | D:1      | Learned a level 3 spell: Regeneration
  1792 | D:2      | Reached XP level 4. HP: 29/39 MP: 3/8
  2039 | D:2      | Found a deep blue altar of Sif Muna.
  2366 | D:2      | Reached skill level 5 in Necromancy
  2848 | D:2      | Reached XP level 5. HP: 43/45 MP: 6/10
  3046 | D:3      | Noticed Sigmund
  3122 | D:3      | Noticed Terence
  3588 | D:2      | Killed Terence
  3792 | D:3      | Killed Sigmund
  3792 | D:3      | Reached skill level 6 in Necromancy
  3792 | D:3      | Reached XP level 6. HP: 30/53 MP: 6/12
  3991 | D:3      | Learned a level 4 spell: Animate Dead
  4813 | D:4      | Reached XP level 7. HP: 56/59 MP: 10/14
  5019 | D:4      | Noticed anything's ghost (amateur DsBe)
  5031 | D:4      | Noticed Dowan
  5032 | D:4      | Noticed Duvessa
  5043 | D:4      | HP: 10/59 [Duvessa/short sword (9)]
  5046 | D:4      | Killed Dowan
  5046 | D:4      | Slain by Duvessa

Vault maps used:
D:1:      onia_arrival_mini_maze, minmay_curled_crystal, evilmike_ruin_ashenzari
D:2:      led_sif_pool
D:3:      st_stairs_2, minmay_misc_feat_square, uniq_terence, uniq_sigmund
D:4:      roderic_cross_of_infinity, nicolae_tso_besieged_by_evil, uniq_duvessa

Action                   |  1- 3 |  4- 6 |  7- 9 || total
-------------------------+-------+-------+-------++-------
Melee: Short sword       |    24 |    41 |    14 ||    79
 Cast: Pain              |    67 |    81 |     5 ||   153
       Animate Skeleton  |     2 |    17 |     2 ||    21
       Vampiric Draining |       |     5 |     2 ||     7
       Regeneration      |       |     1 |       ||     1
       Animate Dead      |       |     1 |       ||     1
  Use: Scroll            |       |     7 |       ||     7
 Stab: Sleeping          |     1 |       |       ||     1
  Eat: Chunk             |     2 |     8 |     1 ||    11
       Fruit             |     1 |       |       ||     1
       Royal jelly       |       |     1 |       ||     1
Armor: Robe              |    12 |    17 |     4 ||    33
Dodge: Dodged            |    35 |    39 |    11 ||    85
